Selects Air and Sea Battlegroup
Construct Section Command Post
Construct Field Infirmary
Construct Platoon Command Post
Unlock Bishop Self-propelled Artillery
Bishop Self-propelled Artillery
Bishop Self-propelled Artillery
Bishop Self-propelled Artillery
Bishop Self-propelled Artillery
Selects Commando Section Paradrop
Selects Commando Support Section Paradrop
Selects Incendiary Bombing Run
Selects Incendiary Bombing Run
Bishop Self-propelled Artillery
Selects Naval Bombardment
Construct Company Command Post